 Dungeon Crawl Stone Soup version 0.29.1-1-gd02db6906a (webtiles) character file.

Game seed: 17160155547838926015

95 concernfroge the Trooper (level 4, -7/39 HPs)
             Began as a Mummy Monk on Sept 17, 2022.
             Killed from afar by Sigmund (9 damage)
             ... with a magic dart
             ... on level 3 of the Dungeon.
             The game lasted 00:06:42 (2830 turns).

concernfroge the Trooper (Mummy Monk)               Turns: 2830, Time: 00:06:43

Health: -7/39      AC:  6    Str: 16    XL:     4   Next: 40%
Magic:  4/4        EV:  9    Int:  9    God:
Gold:   188        SH:  0    Dex: 14    Spells: 3/3 levels left

rFire   x . .      SeeInvis .   g - +0 trident
rCold   + . .      Faith    .   f - +1 buckler
rNeg    + + +      Spirit   .   i - +0 scale mail
rPois   ∞          Reflect  .   (no helmet)
rElec   .          Harm     .   (no cloak)
rCorr   .          Rampage  .   (no gloves)
Will    .....                   (no boots)
Stlth   ..........              (no amulet)
HPRegen 0.13/turn               (no ring)
MPRegen 0.09/turn               (no ring)

@: confused
A: cold resistance 1, negative energy resistance 3, torment resistance 2, heat
vulnerability 1, in touch with death 1, no potions
a: no special abilities


You were on level 3 of the Dungeon.
You visited 1 branch of the dungeon, and saw 3 of its levels.

You collected 188 gold pieces.

Inventory:

Hand Weapons
 g - a +0 trident (weapon)
Armour
 f - a +1 buckler (worn)
 i - a +0 scale mail (worn)


   Skills:
 + Level 5.2 Fighting
 - Level 2.4 Polearms
 - Level 2.4 Dodging
 - Level 1.5 Stealth


You had 3 spell levels left.
You didn't know any spells.
Your spell library contained the following spells:

 Spells                   Type           Power      Damage    Failure   Level
 Alistair's Intoxication  Tmut/Pois      0%         N/A       100%        5
 Borgnjor's Vile Clutch   Necr/Erth      0%         N/A       100%        5
 Eringya's Noxious Bog    Tmut/Pois      0%         N/A       100%        6


Dungeon Overview and Level Annotations

Branches:
Dungeon (3/15)

Altars:

Annotations:
D:3 Sigmund


Innate Abilities, Weirdness & Mutations

You are immune to poison.
Your flesh is cold resistant. (rC+)
You are immune to negative energy. (rN+++)
You are immune to unholy pain and torment.
You are vulnerable to heat. (rF-)
You are in touch with the powers of death.
You do not drink.


Message History

The kobold is moderately wounded.
The kobold hits you but does no damage.
You hear some strange, mumbled words.
Something tries to affect you, but you resist.
You bump into the rock wall.
The kobold misses you.
You hear some strange, mumbled words.
A puff of flame appears from out of thin air!
The puff of flame hits you! The fire burns you terribly!
* * * LOW HITPOINT WARNING * * *
Something hits you.
* * * LOW HITPOINT WARNING * * *
Things that are here:
a +0 whip; 6 poisoned darts You're too confused to move!
The adder hisses angrily.
The kobold hits you but does no damage.
You're too confused to move!
You feel less confused.
Sigmund appears from thin air!
Reactivating autopickup.
Sigmund hits you with a +0 scythe.
* * * LOW HITPOINT WARNING * * *
The kobold hits you with a +0 short sword.
* * * LOW HITPOINT WARNING * * *
You puncture the kobold!
You kill the kobold!
Sigmund barely misses you. The adder barely misses you.
Things that are here:
a +0 short sword; 6 stones; a kobold corpse The air fills with toxic fumes!
As you read the scroll of poison, it crumbles to dust.
Sigmund casts a spell at you.
You are confused.
The adder bites you but does no damage. The adder bites you.
* * * LOW HITPOINT WARNING * * *
Sigmund points at you and mumbles some strange words.
The magic dart hits you!
You die...

.###.## #.# .....# #.#
##.########.#
#...##...##.#
..#....#.##.#
#...##...##.# #
##.##)###§#§###### .####
#.#.## ##§§§@§)S####.....
#...# #§#####@§§§§§§...
####!## ##.# ##§§§§§§.#
#.....###.## ###§§§§§§.#
#.####...## #...§§§§§.#
#.## ##.## #.#.§§§§§.#
...###.#.######.#..§§§§.#
......###.......#..§§§§.#
...###.#.###########.####
#.## ##.## .#


You could see Sigmund and an adder.

Vanquished Creatures
  A gnoll (D:1)
  An adder (D:2)
  A worm (D:2)
  A dart slug (D:2)
  4 orcs (D:3)
  4 ball pythons
  6 bats
  6 endoplasms
  2 goblins
  4 hobgoblins
  3 jackals (D:1)
  10 kobolds
  5 quokkas
  5 frilled lizards
  10 rats
63 creatures vanquished.

Notes
Turn   | Place    | Note
-------+----------+-------------------------------------------
     0 | D:1      | concernfroge the Mummy Monk began the quest for the Orb.
     0 | D:1      | Reached XP level 1. HP: 18/18 MP: 1/1
   375 | D:1      | Reached XP level 2. HP: 24/24 MP: 2/2
   561 | D:1      | Reached skill level 4 in Fighting
   677 | D:1      | Gained mutation: You are in touch with the powers of death.
                  | [Mummy growth]
   677 | D:1      | Reached XP level 3. HP: 30/30 MP: 3/3
  2038 | D:3      | Noticed Sigmund
  2042 | D:2      | Reached XP level 4. HP: 36/38 MP: 4/4
  2167 | D:3      | Reached skill level 5 in Fighting
  2644 | D:3      | Identified the +0 barding of Joy {Stlth+}
  2830 | D:3      | Killed from afar by Sigmund

Illustrated notes

Levels and vault maps discovered:
D:1:      saegor_arrival_simple_e, layout_loops_corners
D:2:      layout_loops_ring, nicolae_titane
D:3:      layout_loops_ring, minmay_cupped, uniq_sigmund

Skill      XL: |  1  2  3  4 |
---------------+-------------+-----
Fighting       | 4 5 |  5.2
Polearms       | |  2.4
Dodging        | |  2.4
Stealth        | |  1.5

Action                   |  1- 3 |  4- 6 || total
-------------------------+-------+-------++-------
Melee: Spear             |   157 |    55 ||   212
       Punch             |     1 |       ||     1
       Trident           |       |     6 ||     6
Throw: Boomerang         |       |     2 ||     2
  Use: Scroll            |       |     8 ||     8
 Stab: Sleeping          |     5 |     1 ||     6
       Distracted        |     1 |       ||     1
Armor: Ring mail         |    31 |     8 ||    39
       Scale mail        |       |     9 ||     9
Dodge: Dodged            |    69 |    22 ||    91
Block: Buckler           |       |     8 ||     8
